 Dungeon Crawl Stone Soup version 0.30-b1-2-g02819fbbbe (webtiles) character file.

Game seed: 17250517342633272426

3812 klunsenfr the Skirmisher (level 10, -3/53 HPs)
             Began as a Gargoyle Hunter on Dec 15, 2023.
             Was a Believer of Okawaru.
             Slain by Amaemon
             ... wielding a +1 demon whip of venom
              (8 damage)
             ... on level 7 of the Dungeon.
             The game lasted 00:34:40 (7266 turns).

klunsenfr the Skirmisher (Gargoyle Hunter)          Turns: 7266, Time: 00:34:40

Health: -3/53      AC: 21    Str: 16    XL:     10   Next: 17%
Magic:  10/10      EV: 10    Int:  9    God:    Okawaru [**....]
Gold:   386        SH:  0    Dex: 17    Spells: 9/9 levels left

rFire   . . .        a - +4 hand crossbow (freeze)
rCold   + . .        (no shield)
rNeg    + . .        d - +0 scale mail
rPois   ∞            (no helmet)
rElec   +            h - +1 cloak
rCorr   .            x - +2 pair of gloves
SInv    +            (no boots)
Will    .....        w - amulet of the acrobat
Stlth   +            f - ring of see invisible
HPRegen 0.28/turn    l - ring of protection from cold
MPRegen 0.12/turn

%: acrobat
@: no status effects
A: sickness immunity, AC +7, negative energy resistance 1, electricity
resistance, torment resistance 1, petrification resistance
a: Renounce Religion, Heroism


You were on level 7 of the Dungeon.
You worshipped Okawaru.
Okawaru was pleased with you.
You visited 2 branches of the dungeon, and saw 9 of its levels.

You collected 386 gold pieces.

Inventory:

Hand Weapons
 a - a +4 hand crossbow of freezing (weapon)
 b - a +1 long sword of electrocution
Armour
 d - a +0 scale mail (worn)
 h - a +1 cloak (worn)
 x - a +2 pair of gloves (worn)
Jewellery
 f - a ring of see invisible (left hand)
 l - a ring of protection from cold (right hand)
 t - a +6 ring of strength
 w - an amulet of the acrobat (around neck)
 D - an amulet of regeneration
Wands
 s - a wand of charming (14)
 y - a wand of roots (5)
 C - a wand of polymorph (15)
Scrolls
 c - a scroll of poison {unknown}
 g - a scroll of fog
 j - 3 scrolls of identify
 k - 3 scrolls of enchant weapon
 r - 2 scrolls of teleportation
 u - a scroll of amnesia
 B - a scroll of fear
Potions
 e - a potion of invisibility
 i - 8 potions of curing
 m - a potion of heal wounds {unknown}
 n - 2 potions of brilliance {unknown}
 o - a potion of haste {unknown}
 q - 2 potions of magic {unknown}
 v - a potion of berserk rage {unknown}
 z - a potion of lignification {unknown}
 A - a potion of degeneration {unknown}
 E - a potion of might


   Skills:
 - Level 2.1 Fighting
 + Level 11.6 Ranged Weapons
 - Level 10.2 Armour
 - Level 1.5 Dodging
 - Level 1.1 Stealth


You had 9 spell levels left.
You didn't know any spells.
Your spell library contained the following spells:

 Spells                   Type           Power      Damage    Failure   Level
 Foxfire                  Conj/Fire      0%         2x1d4     75%         1
 Freeze                   Ice            0%         1d3       75%         1
 Magic Dart               Conj           0%         1d3       75%         1
 Searing Ray              Conj           0%         2d4       86%         2
 Dazzling Flash           Conj/Hex       0%         N/A       98%         3
 Frozen Ramparts          Ice            0%         1d1       98%         3
 Hailstorm                Conj/Ice       0%         3d3       98%         3
 Volatile Blastmotes      Fire/Tloc      0%         2d10      98%         3
 Fulminant Prism          Conj/Hex       0%         3d5       100%        4
 Iskenderun's Mystic Bla  Conj/Tloc      0%         2d3       100%        4
 Passage of Golubria      Tloc           0%         N/A       100%        4
 Fireball                 Conj/Fire      0%         3d3       100%        5
 Silence                  Hex/Air        0%         N/A       100%        5
 Plasma Beam              Fire/Air       0%         2x1d11    100%        6
 Starburst                Conj/Fire      0%         6d3       100%        6
 Lehudib's Crystal Spear  Conj/Erth      0%         10d2      100%        8


Dungeon Overview and Level Annotations

Branches:
Dungeon (8/15)             Temple (1/1) D:5
   Lair: D:8-11

Altars:
Ashenzari
Cheibriados
Dithmenos
Elyvilon
Fedhas
Gozag
Hepliaklqana
Kikubaaqudgha
Makhleb
Nemelex Xobeh
Okawaru
Qazlal
Ru
Sif Muna
Trog
Uskayaw
Vehumet
Wu Jian
Xom
Yredelemnul
The Shining One

Shops:
D:2 (   D:3 ?!

Annotations:
D:7 Amaemon


Innate Abilities, Weirdness & Mutations

You are immune to sickness and miasma.
Your stone body is resilient. (AC +7)
You are immune to poison.
You resist negative energy. (rN+)
You are resistant to electric shocks. (rElec)
You are resistant to unholy torment.
You are immune to petrification.


Message History

Aim: Amaemon, wielding a +1 demon whip of venom (heavily wounded, 65% to hit)
You shoot a bolt. The bolt hits Amaemon.
The bolt freezes Amaemon.
Amaemon is heavily wounded.
Amaemon hits you with a +1 demon whip of venom.
Amaemon claws you but does no damage.
Amaemon tail-slaps you but does no damage.
Fire: a) +4 hand crossbow (freeze)
Press: ? - help, Q - select action, (/) - cycle Shift-Dir - straight line, f/p - Amaemon
Aim: Amaemon, wielding a +1 demon whip of venom (heavily wounded, 65% to hit)
You shoot a bolt. The bolt hits Amaemon.
The bolt freezes Amaemon.
Amaemon is heavily wounded.
Amaemon barely misses you. Amaemon completely misses you.
Amaemon tail-slaps you.
Amaemon hits you with a +1 demon whip of venom.
Amaemon claws you. Amaemon tail-slaps you.
Fire: a) +4 hand crossbow (freeze)
Press: ? - help, Q - select action, (/) - cycle Shift-Dir - straight line, f/p - Amaemon
Aim: Amaemon, wielding a +1 demon whip of venom (heavily wounded, 65% to hit)
You shoot a bolt. The bolt hits Amaemon.
The bolt freezes Amaemon.
Amaemon is severely wounded.
Amaemon hits you with a +1 demon whip of venom.
Amaemon claws you but does no damage. Amaemon barely misses you.
Fire: a) +4 hand crossbow (freeze)
Press: ? - help, Q - select action, (/) - cycle Shift-Dir - straight line, f/p - Amaemon
Aim: Amaemon, wielding a +1 demon whip of venom (severely wounded, 65% to hit)
You shoot a bolt. The bolt barely misses Amaemon.
Amaemon hits you with a +1 demon whip of venom!
Amaemon claws you but does no damage.
Amaemon tail-slaps you but does no damage.
Fire: a) +4 hand crossbow (freeze)
Press: ? - help, Q - select action, (/) - cycle Shift-Dir - straight line, f/p - Amaemon
Aim: Amaemon, wielding a +1 demon whip of venom (severely wounded, 65% to hit)
You shoot a bolt. The bolt hits Amaemon.
The bolt freezes Amaemon.
Amaemon is severely wounded.
Amaemon hits you with a +1 demon whip of venom!
* * * LOW HITPOINT WARNING * * *
Amaemon claws you but does no damage. Amaemon tail-slaps you.
* * * LOW HITPOINT WARNING * * *
Amaemon hits you with a +1 demon whip of venom!
You die...

#.##.#.##### ####......#####
#.......##..... #####
#.##.#..##.#### ####...####
##[##..........# #.........#
#.....#.#.#.##.# #.##...##.#
#..##.#.#....^..
#.#######.######(......###.....
#.# #...).@6...#..## ###... #.#
########[#.#..# #... #.#
##...#..# #... ###<##
###.......# #... .....#
#######.........# #... #..[.#
#..)..#<#..#..#.######...
#....#
#.)>..#.#..#..#..........
##.#.#
#........................
.....#
#.....#.#.#.#.#....).....


You could see Amaemon.

Vanquished Creatures
  Sigmund (D:4)
  A wyvern (D:7)
  A steam dragon (D:7)
  A water moccasin (D:7)
  Duvessa (D:5)
  2 sky beasts (D:7)
  An orc warrior (D:7)
  2 ice beasts
  4 black bears
  3 ogres
  A centaur (D:6)
  2 phantoms
  3 kobold brigands
  Blork the orc (D:4)
  2 bullfrogs
  2 scorpions
  11 wights (D:7)
  Dowan (D:5)
  5 hounds
  A jelly (D:6)
  An orc priest (D:5)
  A sleepcap (D:6)
  Jessica (D:3)
  3 iguanas
  5 orc wizards
  4 gnolls
  10 adders
  A shadow imp (D:4)
  2 white imps
  5 ufetubi
  2 worms (D:2)
  3 dart slugs
  12 orcs
  8 ball pythons
  7 endoplasms
  2 giant cockroaches
  11 goblins
  5 hobgoblins
  A jackal (D:1)
  4 quokkas
  3 bats
  3 frilled lizards
  25 kobolds
  9 rats
174 creatures vanquished.

Vanquished Creatures (others)
  4 demonic plants (D:4)
  8 fungi (D:3)
  4 plants (D:2)
  4 toadstools (D:3)
20 creatures vanquished.

Grand Total: 194 creatures vanquished

Notes
Turn   | Place    | Note
-------+----------+-------------------------------------------
     0 | D:1      | klunsenfr the Gargoyle Hunter began the quest for the Orb.
     0 | D:1      | Reached XP level 1. HP: 12/12 MP: 1/1
   127 | D:1      | Reached XP level 2. HP: 17/17 MP: 2/2
   416 | D:1      | Reached XP level 3. HP: 12/21 MP: 3/3
   466 | D:1      | Reached skill level 5 in Ranged Weapons
   863 | D:1      | Found a faded altar of an unknown god.
   963 | D:2      | Found Depp's Weapon Shoppe.
  1056 | D:2      | Reached XP level 4. HP: 24/26 MP: 4/4
  1803 | D:2      | Reached skill level 6 in Ranged Weapons
  1951 | D:2      | Reached XP level 5. HP: 23/30 MP: 5/5
  2168 | D:3      | Noticed Jessica
  2169 | D:3      | Killed Jessica
  2428 | D:3      | Found Ycziux's Distillery.
  2605 | D:3      | Found Ufozuet's Magic Scroll Boutique.
  2823 | D:3      | Reached skill level 7 in Ranged Weapons
  2992 | D:3      | Identified a scroll of acquirement
  2992 | D:3      | Acquired a +4 hand crossbow of freezing
  3039 | D:3      | Reached XP level 6. HP: 35/35 MP: 6/6
  3282 | D:4      | Noticed Blork the orc
  3286 | D:4      | Killed Blork the orc
  3287 | D:4      | Reached skill level 8 in Ranged Weapons
  3287 | D:4      | Reached XP level 7. HP: 40/40 MP: 7/7
  3524 | D:4      | Noticed Sigmund
  3532 | D:4      | Killed Sigmund
  3533 | D:4      | Reached skill level 9 in Ranged Weapons
  3626 | D:4      | Reached XP level 8. HP: 44/44 MP: 8/8
  3909 | D:5      | Entered Level 5 of the Dungeon
  3925 | D:5      | Reached skill level 10 in Ranged Weapons
  4146 | D:5      | Noticed Duvessa
  4161 | D:5      | Noticed Dowan
  4193 | D:5      | Killed Duvessa
  4195 | D:5      | Killed Dowan
  4243 | D:5      | Found a staircase to the Ecumenical Temple.
  4291 | D:5      | Reached skill level 5 in Armour
  4316 | Temple   | Entered the Ecumenical Temple
  4808 | D:5      | Reached XP level 9. HP: 44/48 MP: 9/9
  5510 | D:6      | Found an iron altar of Okawaru.
  5513 | D:6      | Became a worshipper of Warmaster Okawaru
  6242 | D:7      | Reached * piety under Okawaru
  6243 | D:7      | Reached skill level 10 in Armour
  6338 | D:7      | Reached XP level 10. HP: 43/53 MP: 10/10
  6429 | D:7      | Reached skill level 11 in Ranged Weapons
  6661 | D:7      | Reached ** piety under Okawaru
  6821 | D:8      | Noticed Amaemon
  6821 | D:8      | Noticed an orange demon
  7266 | D:7      | Slain by Amaemon

Illustrated notes

Levels and vault maps discovered:
D:1:      ncdulo_watergridlock, layout_basic,
          shapermc_ecumenical_altar_hornbeckon, minmay_octomino_j4
D:2:      layout_rooms, serial_shops, shop, serial_bayou, serial_bayou_crossing,
          serial_bayou_shore_a, serial_bayou_pond_e, serial_bayou_pond_b,
          serial_bayou_pond_e, serial_bayou_pond_e,
          minmay_fractal_squares_gapless_5
D:3:      layout_loops_ring, serial_shops, nicolae_shop_rolled_up, shop,
          minmay_gold_behind_fungi, uniq_jessica
D:4:      layout_loops_ring, serial_demonic, serial_demonic_b, serial_demonic_b,
          serial_demonic_e, serial_demonic_c, minmay_misc_feat_doors,
          minmay_misc_feat_plants, uniq_blork_the_orc, uniq_sigmund
D:5:      layout_gridville, minmay_temple_entry_overgrown, uniq_duvessa
D:6:      layout_rooms, kennysheep_mini_moat
D:7:      layout_loops_cross
D:8:      layout_basic, david_lair_shrubbed, uniq_amaemon
Temple:   mainiacjoe_temple_trianglar_array

Skill      XL: |  1  2  3  4  5  6  7  8  9 10 |
---------------+-------------------------------+-----
Ranged Weapons | 5 6 7 8 9 10 11 | 11.6
Armour         | 6 10 | 10.2
Fighting       | |  2.1
Dodging        | |  1.5
Stealth        | |  1.1

Action                     |  1- 3 |  4- 6 |  7- 9 | 10-12 || total
---------------------------+-------+-------+-------+-------++-------
  Melee: Short sword       |    49 |       |       |       ||    49
   Fire: Shortbow          |    91 |   128 |       |       ||   219
         Hand crossbow     |       |    37 |   218 |    44 ||   299
    Use: Scroll            |       |     8 |     3 |     2 ||    13
         Potion            |       |       |     1 |       ||     1
 Armour: Leather armour    |    38 |    62 |    23 |       ||   123
         Scale mail        |       |       |    55 |    28 ||    83
  Dodge: Dodged            |    54 |    88 |    69 |    15 ||   226
